 Dungeon Sprint DCSS version 0.27-a0-67-g4bfc8a49e1 (webtiles) character file.

Game seed: 13440470341830311579

53 mhtbhm the Digger (level 3, 10/19 HPs)
             Began as a Deep Elf Earth Elementalist on Jan 10, 2021.
             Quit the game in the Dungeon (Sprint III: "The Ten Rune Challenge").
             The game lasted 00:00:45 (92 turns).

mhtbhm the Digger (Deep Elf Earth Elementalist)       Turns: 92, Time: 00:00:46

Health: 10/19      AC:  2    Str:  5    XL:     3   Next: 62%
Magic:  0/12       EV: 14    Int: 20    God:
Gold:   13         SH:  0    Dex: 15    Spells: 13/14 levels left

rFire    . . .     SeeInvis .   (no weapon)
rCold    . . .     Faith    .   (no shield)
rNeg     . . .     Spirit   .   c - +0 robe
rPois    .         Reflect  .   (no helmet)
rElec    .         Harm     .   (no cloak)
rCorr    .         Rampage  .   (no gloves)
Will     .....     NoTele   +   (no boots)
Stlth    ++........             (no amulet)
HPRegen  0.06/turn              (no ring)
MPRegen  0.13/turn              (no ring)

@: no status effects
A: no striking features
a: no special abilities


You were in the Dungeon.
You visited 1 branch You collected 13 gold pieces.

Inventory:

Missiles
 b - 18 stones
Armour
 c - a +0 robe (worn)
Scrolls
 i - a scroll of blinking
Potions
 d - a potion of curing
 f - a potion of haste
 g - 2 potions of magic
 h - a potion of berserk rage


   Skills:
 + Level 3.9 Dodging
 + Level 3.4 Stealth
 + Level 6.1 Spellcasting
 + Level 1.1 Transmutations
 + Level 6.3 Earth Magic


You had 13 spell levels left.
You knew the following spells:

 Your Spells              Type           Power        Failure   Level
a - Sandblast             Erth           62%          1%          1

Your spell library contained the following spells:

 Spells                   Type           Power        Failure   Level
 Passwall                 Tmut/Erth      17%          3%          2
 Stone Arrow              Conj/Erth      36%          9%          3
 Petrify                  Tmut/Erth      21%          22%         4
 Lee's Rapid Deconstruct  Erth           15%          22%         5


Dungeon Overview and Level Annotations

Branches:
Dungeon (1/1)

Altars:


Message History

Your Dodging skill increases to level 3!
Your Stealth skill increases to level 3!
Your Spellcasting skill gained 2 levels and is now at level 6!
Your Earth Magic skill gained 3 levels and is now at level 6!
You have reached level 2!
You have reached level 3!
Your experience leads to an increase in your attributes!
Increase (S)trength, (I)ntelligence, or (D)exterity?
You feel clever.
Unknown command.
Casting: Sandblast (safe; 1% risk of failure)
Confirm with . or Enter, or press ? or * to list all spells.
Aiming: Sandblast (safe; 1% risk of failure)
Press: ? - help, Shift-Dir - straight line, f - human
Aim: a human (25% to evade)
The blast of sand hits the human!
The human is moderately wounded.
The human misses you.
Okay, then.
Are you sure you want to abandon this character and quit the game? (Confirm with "yes".)

▓▓▓▓▓▓▓▓▓
▓<..#[..####
▓...#......##
▓..##.......# .#
▓##.##p##...# .#
##.##@###..# ..#
▓#.####.##..# ...+
▓.###..##..##
#...# ▓#..†..##..#
#....#
###..##†..##.....#
##..##....#.p....#
#..###..##.#.....#
#..# #.. ####....#
▓▓▓▓ ▓▓▓ ▓▓▓▓▓


You could see a human.

Vanquished Creatures
  A scorpion (D)
  4 rats (D)
5 creatures vanquished.

Notes
Turn   | Place    | Note
-------+----------+-------------------------------------------
     0 | D        | mhtbhm the Deep Elf Earth Elementalist began the quest for
                  | the Orb.
     0 | D        | Reached XP level 1. HP: 10/10 MP: 6/6
    69 | D        | Noticed a scorpion
    85 | D        | Killed a scorpion
    86 | D        | Reached XP level 2. HP: 8/15 MP: 0/11
    86 | D        | Reached XP level 3. HP: 10/19 MP: 0/12
    92 | D        | Quit the game

Illustrated notes

Levels and vault maps discovered:
D:        dungeon_sprint_mu [sprint_mu_entry_cave, sprint_mu_temple_rooms,
          sprint_mu_d1_horrors, sprint_mu_d2_genie, sprint_mu_d3_branching,
          sprint_mu_orc_legion, sprint_mu_elf_gauntlet, sprint_mu_hive_nellie,
          sprint_mu_lair_fedhas, sprint_mu_vaults_butterflies,
          sprint_mu_slime_circle, sprint_mu_swamp_cave, sprint_mu_snake_twists,
          sprint_mu_blade_basic, sprint_mu_crypt_chambers,
          sprint_mu_tomb_spiral, sprint_mu_vestibule_basic,
          sprint_mu_gehenna_hellfire, sprint_mu_dis_giant,
          sprint_mu_tartarus_statrot, sprint_mu_cocytus_islands, sprint_mu_zot1]

Skill      XL: |  1 |
---------------+----+-----
Spellcasting   | 6 |  6.1
Dodging        | 3 |  3.9
Stealth        | 3 |  3.4
Earth Magic    | 6 |  6.3
Transmutations | |  1.1

Action                   || total
-------------------------++-------
 Cast: Sandblast         ||    12
  Use: Potion            ||     1
Dodge: Dodged            ||     5

Table legend: (Time is in decaauts)
 A = Elapsed time spent in this place.
 B = Non-inter-level travel time spent in this place.
 C = Inter-level travel time spent in this place.
 D = Time resting spent in this place.
 E = Time spent auto-exploring this place.
 F = Levels seen in this place.
 G = Mean time per level.
                   A        B        C        D        E       F      G
               +--------+--------+--------+--------+--------+-----+--------+
         Total |     92 |     92 |      0 |     13 |     29 |   1 |   92.0 |
       Dungeon |     92 |     92 |      0 |     13 |     29 |   1 |   92.0 |
               +--------+--------+--------+--------+--------+-----+--------+

Top non-repeatable levels by time:
       D: 92 daAuts
